 Dungeon Crawl Stone Soup version 0.25-a0-940-gc6eaff51cc (webtiles) character file.

Game seed: 5365171936962970519, levelgen mode: deterministic

84 gruber the Chiller (level 4, 0/24 HPs)
             Began as a Deep Elf Ice Elementalist on May 5, 2020.
             Slain by an orc
             ... wielding a cursed -2 club
              (3 damage)
             ... on level 3 of the Dungeon.
             The game lasted 00:02:00 (2234 turns).

gruber the Chiller (Deep Elf Ice Elementalist)      Turns: 2234, Time: 00:02:01

Health: 0/24       AC:  2    Str:  5    XL:     4   Next: 23%
Magic:  21/21      EV: 13    Int: 21    God:
Gold:   110        SH:  0    Dex: 15    Spells: 8/12 levels left

rFire    . . .     SeeInvis .   (no weapon)
rCold    . . .     Gourm    .   (no shield)
rNeg     . . .     Faith    .   a - +0 robe
rPois    .         Spirit   .   (no helmet)
rElec    .         Reflect  .   (no cloak)
rCorr    .         Harm     .   (no gloves)
MR       .....                  (no boots)
Stlth    ++........             p - amulet of rage
HPRegen  0.08/turn              q - ring of magical power
MPRegen  0.17/turn              (no ring)

@: no status effects
A: no striking features
a: Evoke Berserk Rage


You were on level 3 of the Dungeon.
You were not hungry.

You visited 1 branch of the dungeon, and saw 3 of its levels.

You collected 110 gold pieces.

Inventory:

Missiles
 d - 13 poisoned darts (quivered)
Armour
 a - a +0 robe (worn)
Jewellery
 p - an amulet of rage (around neck)
 q - a ring of magical power (left hand)
Scrolls
 e - a scroll of fog {unknown}
 h - a scroll of remove curse {unknown}
 k - 2 scrolls of enchant armour {unknown}
 m - a scroll of amnesia {unknown}
 n - a scroll of immolation {unknown}
 o - a scroll of enchant weapon {unknown}
Potions
 b - a potion of haste {unknown}
 f - a potion of curing {unknown}
 g - a potion of flight {unknown}
 i - 2 potions of mutation {unknown}
 j - a potion of heal wounds {unknown}
Comestibles
 c - 4 rations
 l - 12 chunks of flesh


   Skills:
 - Level 2.4 Dodging
 - Level 2.4 Stealth
 + Level 4.5 Spellcasting
 + Level 5.6 Ice Magic


You had 8 spell levels left.
You knew the following spells:

 Your Spells              Type           Power        Failure   Level  Hunger
a - Freeze                Ice            ####         1%          1    None
b - Frozen Ramparts       Ice            ####..       3%          3    ##.....

Your spell library contained the following spells:

 Spells                   Type           Power        Failure   Level  Hunger
 Ozocubu's Armour         Chrm/Ice       ###.....     11%         3    ##.....
 Hailstorm                Conj/Ice       ###.....     34%         4    ####...
 Summon Ice Beast         Ice/Summ       ###.....     34%         4    ####...


Dungeon Overview and Level Annotations

Branches:
Dungeon (3/15)

Altars:
Fedhas
Qazlal


Message History

You kill the kobold!
The goblin shouts!
The orc shouts!
You hear a shout! x2
The quokka closely misses you.
An orc priest comes into view.
An orc comes into view. It is wielding a +0 club.
Unknown command.
Unknown command.
You closely miss the quokka.
The orc priest shouts! x2
The quokka bites you.
The orc priest mumbles some strange prayers to Beogh against you.
Beogh smites you!
Ouch! That really hurt!
* * * LOW HITPOINT WARNING * * *
The orc priest looks braver for a moment.
A worm comes into view.
The quokka bites you.
* * * LOW HITPOINT WARNING * * *
The orc hits you with a cursed -2 club.
You die...

###..... w.... #
#).###### . #w.......
#. ##...8...8
#(##.####....o....
#.....#.r...o.....
#..o##........
###@##...8...8 #####
#...##........
##...###.#.##..######
##.....##.#..........
#........).....###
#.....รท..)####.#
#........## #.######
##.....#..# #......#
##.....##.# ####...#


You could see a worm, an orc and a quokka.

Vanquished Creatures
  3 adders (D:2)
  An ooze (D:1)
  A worm (D:2)
  A dart slug (D:1)
  8 orcs (D:3)
  4 bats
  7 goblins
  2 hobgoblins (D:1)
  6 jackals
  2 frilled lizards
  2 kobolds
  4 rats
41 creatures vanquished.

Notes
Turn   | Place    | Note
-------+----------+-------------------------------------------
     0 | D:1      | gruber the Deep Elf Ice Elementalist began the quest for
                  | the Orb.
     0 | D:1      | Reached XP level 1. HP: 10/10 MP: 6/6
   217 | D:1      | Reached XP level 2. HP: 15/15 MP: 5/8
   341 | D:1      | Reached skill level 5 in Ice Magic
  1256 | D:2      | Reached XP level 3. HP: 19/19 MP: 8/10
  1261 | D:2      | Learned a level 3 spell: Frozen Ramparts
  1785 | D:2      | Found a blossoming altar of Fedhas.
  1962 | D:3      | Reached XP level 4. HP: 23/24 MP: 9/12
  2083 | D:3      | Found a stormy altar of Qazlal.
  2085 | D:3      | Noticed an earth elemental
  2085 | D:3      | Noticed a fire elemental
  2086 | D:3      | Noticed an air elemental
  2086 | D:3      | Noticed a water elemental
  2234 | D:3      | Slain by an orc

Levels and vault maps discovered:
D:1:      ebering_trefoil_twist, layout_loops_corners
D:2:      layout_basic, nicolae_overflow_hidden_temple, first_ration
D:3:      cheibrodos_pilgrimage, layout_rooms, kennysheep_cross_room,
          grunt_ministairs_8, grunt_decor_clamped,
          nicolae_qazlal_style_of_elements, uniq_grinder, uniq_jessica

Skill      XL: |  1  2  3 |
---------------+----------+-----
Ice Magic      | 5 |  5.6
Spellcasting   | 4 |  4.5
Dodging        | |  2.4
Stealth        | |  2.4

Action                   |  1- 3 |  4- 6 || total
-------------------------+-------+-------++-------
Melee: Unarmed           |     6 |     1 ||     7
Throw: Dart              |     2 |       ||     2
 Cast: Freeze            |    44 |     5 ||    49
       Frozen Ramparts   |     1 |     1 ||     2
  Eat: Chunk             |     3 |     1 ||     4
Armor: Robe              |     5 |       ||     5
Dodge: Dodged            |    37 |     6 ||    43

Table legend:
 A = Non-vault XP
 B = Vault XP
 C = Vault XP percentage of total XP
 D = Non-vault monster count
 E = Vault monster count
 F = Vault count percentage of total count
                 A         B        C        D         E       F
            +---------+---------+-------+---------+---------+-------
      Total |     120 |       0 |   0.0 |      41 |       0 |   0.0
            +---------+---------+-------+---------+---------+-------
        D:1 |      30 |       0 |   0.0 |      15 |       0 |   0.0
        D:2 |      57 |       0 |   0.0 |      13 |       0 |   0.0
        D:3 |      33 |       0 |   0.0 |      13 |       0 |   0.0
            +---------+---------+-------+---------+---------+-------
